 Dungeon Crawl Stone Soup version 0.28-a0-535-g6f645e4c1d (webtiles) character file.

Game seed: 7960432004216544037

8 omnomnOMINOUS the Skirmisher (level 2, -2/22 HPs)
             Began as an Octopode Wanderer on Sept 25, 2021.
             Slain by a gnoll (8 damage)
             ... on level 1 of the Dungeon on Sept 26, 2021.
             The game lasted 00:01:43 (401 turns).

omnomnOMINOUS the Skirmisher (Octopode Wanderer)     Turns: 401, Time: 00:01:44

Health: -2/22      AC:  1    Str: 11    XL:     2   Next: 8%
Magic:  2/2        EV: 12    Int: 16    God:
Gold:   20         SH:  0    Dex:  9    Spells: 1/1 levels left

rFire   . . .      SeeInvis .   a - +0 dagger (venom)
rCold   . . .      Faith    .   (no shield)
rNeg    . . .      Spirit   .   (helmet restricted)
rPois   .          Reflect  .   (no amulet)
rElec   .          Harm     .   (no ring)
rCorr   .          Rampage  .   (no ring)
Will    .....                   (no ring)
Stlth   +++.......              (no ring)
HPRegen 0.07/turn               (no ring)
MPRegen 0.08/turn               (no ring)
                                (no ring)
                                (no ring)

@: no status effects
A: almost no armour, amphibious, 8 rings, camouflage 1, gelatinous body 1,
(nimble swimmer 1), tentacles
a: no special abilities


You were on level 1 of the Dungeon.
You visited 1 branch of the dungeon, and saw 1 of its levels.

You collected 20 gold pieces.

Inventory:

Hand Weapons
 a - a +0 dagger of venom (weapon)
 b - a +2 hand axe
Scrolls
 d - a scroll of identify {unknown}
Potions
 c - a potion of lignification


   Skills:
 - Level 4.0 Fighting
 - Level 2.0(2.4) Axes
 - Level 2.0(2.4) Maces & Flails
 + Level 1.6 Dodging
 - Level 2.6 Stealth


You had one spell level left.
You didn't know any spells.
Your spell library was empty.

Dungeon Overview and Level Annotations

Branches:
Dungeon (1/15)

Altars:


Innate Abilities, Weirdness & Mutations

You cannot wear most types of armour.
You are amphibious.
You can wear up to eight rings at the same time.
Your skin changes colour to match your surroundings (Stealth+).
Your rubbery body absorbs attacks. (AC +1, EV +1)
((You are camouflaged near water. (Stealth+)))
You have tentacles for arms and can constrict up to eight enemies at once.


Message History

The frilled lizard hisses angrily.
You closely miss the frilled lizard. Your grab misses the frilled lizard.
Your squeeze misses the frilled lizard. You barely miss the frilled lizard.
Your grab misses the frilled lizard. You squeeze the frilled lizard.
You kill the frilled lizard!
You barely miss the rat. Your grab misses the rat. The rat barely misses you.
You hit the rat.
You kill the rat!
You have reached level 2!
A jackal comes into view.
A jackal comes into view.
A jackal comes into view.
The jackal barks! x2
A gnoll comes into view. It is wielding a +0 spear.
The jackal barks!
The gnoll shouts!
You barely miss the jackal. Your grab misses the jackal. The jackal bites you.
You completely miss the jackal. Your grab misses the jackal.
You hit the jackal but do no damage. You grab the jackal.
You constrict the jackal. The jackal barely misses you.
You hit the jackal.
You kill the jackal!
The jackal barely misses you.
You hit the jackal.
The jackal is poisoned.
Your grab misses the jackal.
The jackal is heavily wounded.
The jackal bites you.
The gnoll hits you from afar with a +0 spear.
You closely miss the jackal. Your grab misses the jackal.
The jackal is heavily wounded.
The jackal bites you.
The jackal bites you but does no damage.
The gnoll hits you from afar with a +0 spear.
The jackal barely misses you.
You barely miss the jackal. You grab the jackal.
The jackal is almost dead.
You constrict the jackal, but do no damage.
The jackal bites you.
* * * LOW HITPOINT WARNING * * *
The gnoll hits you from afar with a +0 spear!
You die...

### #.. ##########
#.# ### .........#
#.# ...
.#######.###.###.#
#######.##......#
..............#
###.###.##...##
..###.###@###.######.
......hgh.# #........
.#.##.##### #.######.
.. ##'## ≈.≈ ##...##
#≈. ##.....## #≈
##.......## #
#.........#
+.........+


You could see a gnoll and 2 jackals.

Vanquished Creatures
  A bat (D:1)
  A hobgoblin (D:1)
  A jackal (D:1)
  A kobold (D:1)
  A frilled lizard (D:1)
  3 rats (D:1)
8 creatures vanquished.

Notes
Turn   | Place    | Note
-------+----------+-------------------------------------------
     0 | D:1      | omnomnOMINOUS the Octopode Wanderer began the quest for the
                  | Orb.
     0 | D:1      | omnomnOMINOUS set off with the following items: a +2 hand
                  | axe, a +0 mace, a potion of lignification, a +0 dagger
     0 | D:1      | Reached XP level 1. HP: 17/17 MP: 1/1
    38 | D:1      | Upgraded the game from 0.28-a0-533-g9f97627e2a to
                  | 0.28-a0-535-g6f645e4c1d
   127 | D:1      | Reached skill level 1 in Dodging
   376 | D:1      | Reached XP level 2. HP: 22/22 MP: 2/2
   401 | D:1      | Slain by a gnoll

Illustrated notes

Levels and vault maps discovered:
D:1:      minmay_arrival_stone_box, layout_loops_corners, serial_shops, shop,
          ebering_ecumenical_altar_webs, serial_rivers,
          chequers_serial_rivers_micro_c, chequers_serial_rivers_large_a,
          chequers_serial_rivers_micro_d, chequers_serial_rivers_micro_d

Skill      XL: |  1 |
---------------+----+-----
Dodging        | 1 |  1.6
Fighting       | |  4.0
Axes           | |  2.0
Maces & Flails | |  2.0
Stealth        | |  2.6

Action                   || total
-------------------------++-------
Melee: Dagger            ||    17
       Hand axe          ||     4
       Constrict         ||     5
       Tentacles         ||     1
Armor: Skin              ||     2
Dodge: Dodged            ||     9

Table legend: (Time is in decaauts)
 A = Elapsed time spent in this place.
 B = Non-inter-level travel time spent in this place.
 C = Inter-level travel time spent in this place.
 D = Time resting spent in this place.
 E = Time spent auto-exploring this place.
 F = Levels seen in this place.
 G = Mean time per level.
                   A        B        C        D        E       F      G
               +--------+--------+--------+--------+--------+-----+--------+
         Total |    401 |    401 |      0 |    244 |     80 |   1 |  401.0 |
       Dungeon |    401 |    401 |      0 |    244 |     80 |   1 |  401.0 |
               +--------+--------+--------+--------+--------+-----+--------+

Top non-repeatable levels by time:
     D:1: 401 daAuts
